 Dungeon Crawl Stone Soup version 0.31-a0-232-gb1c03b2570 (webtiles) character file.

Game seed: 18061422342958884145

6 Azelaic the Firebug (level 1, 0/14 HPs)
             Began as a Draconian Fire Elementalist on July 7, 2023.
             Slain by a jackal (3 damage)
             ... on level 1 of the Dungeon.
             The game lasted 00:10:03 (165 turns).

Azelaic the Firebug (Draconian Fire Elementalist)    Turns: 165, Time: 00:10:03

Health: 0/14       AC:  4    Str: 10    XL:     1   Next: 75%
Magic:  3/3        EV: 12    Int: 15    God:
Gold:   0          SH:  0    Dex: 11    Spells: 3/4 levels left

rFire   . . .        b - +0 dagger
rCold   . . .        (no shield)
rNeg    . . .        (body armour unavailable)
rPois   .            (helmet restricted)
rElec   .            (no cloak)
rCorr   .            (no gloves)
SInv    .            (no boots)
Will    .....        (no amulet)
Stlth   ++           (no ring)
HPRegen 0.22/turn    (no ring)
MPRegen 0.08/turn

%: no passive effects
@: no status effects
A: AC +4, unfitting armour, cold-blooded
a: no special abilities


You were on level 1 of the Dungeon.
You visited 1 branch of the dungeon, and saw 1 of its levels.

Inventory:

Hand Weapons
 b - a +0 dagger (weapon)
 c - a +0 dagger
Potions
 a - a potion of magic


   Skills:
 + Level 1.8 Dodging
 + Level 1.7 Stealth
 + Level 0.4 Unarmed Combat
 + Level 2.0 Spellcasting
 + Level 1.0 Conjurations
 + Level 3.3 Fire Magic


You had 3 spell levels left.
You knew the following spells:

 Your Spells              Type           Power      Damage    Failure   Level
a - Foxfire               Conj/Fire      28%        2x1d5     10%         1

Your spell library contained the following spells:

 Spells                   Type           Power      Damage    Failure   Level
 Scorch                   Fire           22%        2d6       9%          2
 Inner Flame              Hex/Fire       6%         N/A       34%         3
 Volatile Blastmotes      Fire/Tloc      12%        2d11      34%         3
 Flame Wave               Conj/Fire      7%         2d5       67%         4


Dungeon Overview and Level Annotations

Branches:
Dungeon (1/15)

Altars:


Innate Abilities, Weirdness & Mutations

Your plain brown scales are hard. (AC +4)
You cannot fit into any form of body armour.
You are cold-blooded and may be slowed by cold attacks.


Message History

The jackal bites you but does no damage. x2
You hit the jackal but do no damage.
Your tail-slap misses the jackal.
You punch the jackal, but do no damage.
The jackal is heavily wounded.
The jackal closely misses you.
The jackal bites you but does no damage.
You hit the jackal but do no damage.
The jackal bites you but does no damage.
The jackal misses you.
The jackal bites you but does no damage.
The jackal bites you.
You closely miss the jackal.
The jackal is heavily wounded.
The jackal bites you but does no damage.
The jackal bites you.
* * * LOW HITPOINT WARNING * * *
You hit the jackal.
You kill the jackal!
The jackal bites you.
* * * LOW HITPOINT WARNING * * *
The jackal barely misses you. The jackal barely misses you.
Your magic is already full.
As you read the scroll labelled EVOPLO JIOMERR, it crumbles to dust.
It is a scroll of identify.
You don't currently have any unidentified items.
The jackal barely misses you. x2
You miss the jackal.
Your tail-slap misses the jackal.
The jackal bites you but does no damage.
The jackal misses you.
You hit the jackal but do no damage.
The jackal bites you but does no damage.
You hit the jackal.
The jackal is lightly wounded.
The jackal bites you.
* * * LOW HITPOINT WARNING * * *
You hit the jackal.
Your tail-slap misses the jackal.
The jackal is heavily wounded.
The jackal misses you. The jackal bites you.
You die...

......#.....#######.....#
#
............##....#.....#
..........#.......#.....#
..........#.............#
..........#.............#
..........#...........###
..........#...........#
###.......#.....h.....#
#.......#.....@.....#
#########...........#
#####.......# #########


You could see a jackal.

Vanquished Creatures
  A goblin (D:1)
  2 jackals (D:1)
  A kobold (D:1)
  A rat (D:1)
5 creatures vanquished.

Notes
Turn   | Place    | Note
-------+----------+-------------------------------------------
     0 | D:1      | Azelaic the Draconian Fire Elementalist began the quest for
                  | the Orb.
     0 | D:1      | Reached XP level 1. HP: 14/14 MP: 3/3
   165 | D:1      | Slain by a jackal

Illustrated notes

Levels and vault maps discovered:
D:1:      amcnicky_arrival_gap_in_the_tavern_cellar, layout_basic, serial_shops,
          shop, shop, minivault_11

Action                     || total
---------------------------++-------
  Melee: Dagger            ||    24
         Unarmed           ||    14
         Tailslap          ||     3
         Punch             ||     1
    Use: Scroll            ||     1
 Armour: Skin              ||    20
  Dodge: Dodged            ||    38

Table legend: (Time is in decaauts)
 A = Elapsed time spent in this place.
 B = Non-inter-level travel time spent in this place.
 C = Inter-level travel time spent in this place.
 D = Time resting spent in this place.
 E = Time spent auto-exploring this place.
 F = Levels seen in this place.
 G = Mean time per level.
                   A        B        C        D        E       F      G
               +--------+--------+--------+--------+--------+-----+--------+
         Total |    164 |     82 |     82 |      0 |      0 |   1 |  164.0 |
       Dungeon |    164 |     82 |     82 |      0 |      0 |   1 |  164.0 |
               +--------+--------+--------+--------+--------+-----+--------+

Top non-repeatable levels by time:
     D:1: 164 daAuts
